 Dungeon Crawl Stone Soup version 0.18.1-8-gdd0e5ea (webtiles) character file.

211972 nikopol the Phalangite (level 18, -4/168 HPs)
             Began as a Minotaur Berserker on May 31, 2016.
             Was the Champion of Trog.
             Slain by a merfolk aquamancer
             ... wielding a +3 rapier of electrocution
              (18 damage)
             ... on level 4 of the Shoals on June 1, 2016.
             The game lasted 03:32:39 (36917 turns).

nikopol the Phalangite (Minotaur Berserker)        Turns: 36917, Time: 03:32:40

Health: -4/168     AC: 30    Str: 27    XL:     18   Next: 23%
Magic:  17/17      EV: 19    Int:  8    God:    Trog [******]
Gold:   851        SH:  0    Dex: 18    Spells: 0 memorised, 17 levels left

rFire  . . .     SeeInvis .     x - +11 bardiche "Hikaunyi" {drain, rN+ Int+4}
rCold  . . .     Gourm    +     J - +5 chain mail {MR+}
rNeg   + . .     Faith    .     (shield currently unavailable)
rPois  +         Spirit   .     (helmet restricted)
rElec  .         Dismiss  .     U - +2 cloak {rPois}
rCorr  .         Reflect  .     y - +1 pair of gloves
SustAt .         Harm     .     a - +3 pair of boots of Apteox {MR- Regen+ Str+3 Dex+2}
MR     ++...                    w - amulet of the gourmand
Stlth  ..........               K - ring of protection from magic
                                o - +4 ring of slaying

@: engulfed (cannot breathe), mesmerised, very resistant to hostile
enchantments, extremely unstealthy
A: retaliatory headbutt, horns 2
a: Berserk, Trog's Hand, Brothers in Arms, Burn Spellbooks, Renounce Religion
}: 1/15 runes: serpentine


You were on level 4 of the Shoals.
You worshipped Trog.
Trog was exalted by your worship.
You were completely stuffed.

You visited 5 branches of the dungeon, and saw 33 of its levels.
You visited 1 bazaar.

You collected 3018 gold pieces.
You spent 2167 gold pieces at shops.

Inventory:

Hand Weapons
 c - the +11 longbow of Rolug {freeze, rC+}
   (Trog gifted it to you on level 4 of the Lair of Beasts)

   It causes projectiles fired from it to freeze those they strike, causing
   extra injury to most foes and up to half again as much damage against
   particularly susceptible opponents.
   They can also slow down cold-blooded creatures.
   It protects you from cold.
 x - the +11 bardiche "Hikaunyi" (weapon) {drain, rN+ Int+4}
   (Trog gifted it to you on level 8 of the Dungeon)

   A truly terrible weapon, it drains the life of those it strikes.
   It affects your intelligence (+4).
   It protects you from negative energy.
Missiles
 t - 623 arrows
Armour
 a - the +3 pair of boots of Apteox (worn) {MR- Regen+ Str+3 Dex+2}
   (You found it on level 5 of the Lair of Beasts)

   It affects your strength (+3).
   It affects your dexterity (+2).
   It affects your resistance to hostile enchantments.
   It increases your rate of regeneration.
 y - a +1 pair of gloves (worn)
 J - a +5 chain mail of magic resistance (worn)
 U - a +2 cloak of poison resistance (worn)
Jewellery
 o - a +4 ring of slaying (left hand)
 w - an amulet of the gourmand (around neck)
 K - a ring of protection from magic (right hand)
 V - an uncursed ring of protection from fire
 Y - a +4 ring of protection
Wands
 n - a wand of digging (14/24)
 D - a wand of teleportation (7/9)
 M - a wand of digging (12/24)
 Q - a wand of teleportation (2/9)
 X - a wand of heal wounds (7/9)
Scrolls
 i - 7 scrolls of remove curse
 j - a scroll of magic mapping
 k - a scroll of identify
 m - 6 scrolls of enchant weapon
 r - a scroll of blinking
 z - a scroll of recharging
 I - 3 scrolls of fog
 L - a scroll of silence
 N - 11 scrolls of teleportation
 R - 3 scrolls of fear
 T - 2 scrolls of summoning
Potions
 e - 3 potions of ambrosia
 f - 6 potions of heal wounds
 h - a potion of might
 l - 8 potions of flight
 p - 15 potions of curing
 q - 5 potions of resistance
 s - a potion of cancellation
 B - 3 potions of invisibility
 E - 2 potions of haste
 F - 3 potions of cure mutation
 H - 5 potions of magic
 P - 2 potions of agility
Comestibles
 b - 4 chunks of flesh
 d - 49 fruits
 g - 18 meat rations
 v - 6 slices of pizza
 A - 16 bread rations
 C - 2 royal jellies
 O - 3 beef jerkies


   Skills:
 + Level 16.9 Fighting
 * Level 23.4 Polearms
 + Level 13.1 Bows
 + Level 16.1 Armour
 + Level 15.0 Dodging


You had 17 spell levels left.
You didn't know any spells.

Dungeon Overview and Level Annotations

Branches:
Dungeon (15/15)            Temple (0/1) D:5            Lair (8/8) D:8
 Shoals (4/4) Lair:6        Snake (4/4) Lair:3        Slime (0/6) Lair:7
    Orc (2/2) D:10            Elf (0/3) Orc:2        Vaults (0/5) D:13
 Depths (0/5) D:15

Altars:
Ashenzari
Cheibriados
Dithmenos
Fedhas
Makhleb
Okawaru
Pakellas
Qazlal
Ru
Sif Muna
Trog
Vehumet
Xom
Yredelemnul
The Shining One
Beogh

Shops:
D:4 }   D:6 *   D:12 !   Orc:2 *[*(:   Snake:1 ?   Snake:3 [

Annotations:
Shoals:4 Ilsuiw


Innate Abilities, Weirdness & Mutations

You reflexively headbutt those who attack you in melee.
You have a pair of horns on your head.


Message History

* * * LOW HITPOINT WARNING * * *
Your lungs strain for air!
The merfolk aquamancer hits you but does no damage.
Something hits you but does no damage.
The siren chants its luring song.
The merfolk avatar chants its luring song.
The water elemental misses you.
Your stone giant goes berserk!
You feel somewhat less full.
* * * LOW HITPOINT WARNING * * *
Your lungs strain for air!
The water elemental hits you.
The water elemental completely misses you.
The siren chants its luring song.
The merfolk aquamancer hits you with a rapier.
* * * LOW HITPOINT WARNING * * *
Something hits you but does no damage.
The merfolk aquamancer hits you but does no damage.
You are electrocuted!
You die...

.........≈≈≈≈≈≈≈≈≈......≈≈≈≈≈≈≈
.........(≈≈≈≈≈≈≈≈......≈≈≈≈≈≈≈
.........(≈≈≈≈≈≈≈≈.....≈≈≈≈≈≈≈≈
.......(.((≈≈≈≈≈≈))...<≈≈≈≈≈≈≈≈
≈.......≈≈≈≈≈≈≈≈≈≈≈.<≈≈≈≈≈≈≈≈≈≈
#≈....m$≈≈≈≈≈≈≈≈≈≈≈m≈≈≈≈≈≈≈≈≈≈≈
m#..(..≈≈≈≈≈≈≈C..(≈≈≈≈≈≈≈≈≈≈≈≈≈
m≈...(..≈≈≈≈≈≈EEE≈≈≈≈..≈≈≈≈≈≈≈≈
≈#).(...≈≈≈≈≈m@E.≈≈≈≈..≈≈≈≈≈≈≈≈
#≈.(.....≈≈≈mm≈≈≈≈≈≈...≈≈≈≈≈≈≈
≈..(.....≈≈≈≈m######≈..≈≈≈≈≈≈
..≈≈≈≈# ≈#.≈≈≈≈≈≈ ..≈≈≈# .
#≈≈≈≈≈≈ ..§S≈ #≈ ...[ ...≈


You could see a merfolk avatar, a merfolk impaler, a sea snake, 2 merfolk
aquamancers, 4 water elementals, a siren and a friendly stone giant (berserk).

Vanquished Creatures
  Saint Roka (Orc:2)
  Jorgrun (Shoals:2)
  Rupert (Lair:3)
  A kraken (Shoals:2)
  Kirke (Snake:3)
  Frances (Shoals:2)
  7 greater nagas
  An orc warlord (Orc:1)
  Maud (Lair:3)
  Donald (Shoals:2)
  Aizul (Lair:3)
  A stone giant (Orc:1)
  The ghost of Gagarin the Cleaver, a journeyman HOFi of Okawaru (Orc:2)
  Azrael (Orc:2)
  Josephine (Lair:8)
  5 merfolk impalers
  Snorg (Orc:1)
  2 merfolk javelineers (Shoals:4)
  A vault guard (D:13)
  A fire dragon (Lair:4)
  8 hydras
  17 naga warriors
  3 alligator snapping turtles
  A death knight (D:12)
  3 centaur warriors
  2 catoblepae
  8 anacondas
  2 merfolk avatars
  2 merfolk aquamancers
  4 death yaks (Lair:3)
  An ogre mage (D:15)
  4 orc high priests (Orc:2)
  6 shock serpents
  14 naga sharpshooters
  Nergalle (Orc:1)
  A fire crab (shapeshifter) (D:15)
  3 unseen horrors
  4 sea snakes
  7 hill giants
  5 orc knights
  An obsidian statue (Lair:1)
  3 naga ritualists
  A phantasmal warrior (D:12)
  Pikel (D:6)
  2 deep elf magi
  5 griffons
  8 mana vipers
  4 harpies (Shoals:2)
  8 orc sorcerers
  5 manticores
  10 salamanders
  6 cyclopes
  6 elephants
  3 oklob plants (Lair:5)
  12 ugly things
  Maurice (D:12)
  4 guardian serpents
  Joseph (Lair:1)
  25 black mambas
  3 sirens
  An eye of devastation (shapeshifter) (D:15)
  A torpor snail (Lair:5)
  3 water nymphs
  32 naga magi
  A gargoyle (D:12)
  11 spiny frogs
  2 rime drakes
  A spiny frog (shapeshifter) (D:15)
  6 komodo dragons
  2 polar bears (Lair:8)
  8 trolls
  19 merfolk
  2 spriggan druids (Lair:8)
  A troll (shapeshifter) (D:15)
  Grinder (D:3)
  8 two-headed ogres
  9 slime creatures
  18 blink frogs
  11 centaurs
  A boulder beetle (Lair:8)
  55 yaks
  A spriggan (shapeshifter) (D:15)
  4 snapping turtles
  6 water elementals
  A shadow (D:15)
  4 redbacks (Lair:8)
  3 wyverns
  5 wraiths
  12 spriggans (Lair:8)
  2 fire elementals (Orc:2)
  2 hogs (Snake:3)
  A hungry ghost (D:10)
  2 basilisks
  13 hippogriffs
  Grum (D:8)
  2 steam dragons
  2 wargs (Orc:1)
  41 nagas
  4 hell hounds (Orc:2)
  Duvessa (D:6)
  20 water moccasins
  A giant eyeball (D:10)
  39 orc warriors
  13 porcupines
  2 ice beasts
  5 sky beasts
  3 wasps (Lair:8)
  An ice beast (shapeshifter) (D:14)
  4 black bears (Lair:8)
  17 ogres
  40 wolves
  6 boggarts (D:15)
  8 crocodiles
  4 big kobolds
  19 giant frogs
  Dowan (D:6)
  A wyvern skeleton (D:13)
  7 scorpions
  14 killer bees
  13 wights
  7 electric eels
  3 howler monkeys
  4 crimson imps
  5 centaur zombies
  7 hounds
  2 giant frog zombies
  20 orc priests
  Crazy Yiuf (D:5)
  4 jellies
  7 centaur skeletons
  4 giant frog skeletons
  11 iguanas
  42 orc wizards
  Jessica (D:3)
  Terence (D:3)
  Ijyb (D:3)
  14 worker ants
  A killer bee zombie (D:10)
  23 sheep
  A hound zombie (D:7)
  2 hound skeletons
  4 gnolls (D:4)
  2 howler monkey skeletons (D:4)
  14 adders
  109 river rats
  3 shadow imps
  4 oozes
  An adder zombie (D:6)
  A worm (D:5)
  2 dart slugs (D:3)
  8 giant geckos
  112 orcs
  5 giant cockroaches
  10 hobgoblins
  7 jackals
  13 kobolds
  7 quokkas
  A ball python zombie (D:5)
  20 bats
  A giant gecko zombie (D:6)
  4 giant newts
  9 goblins
  22 rats
  2 fungi
  12 plants
  3 tentacles (Shoals:2)
1291 creatures vanquished.

Vanquished Creatures (collateral kills)
  A greater naga (Snake:4)
  A naga warrior (Snake:4)
  A death yak (Lair:3)
  2 naga sharpshooters (Snake:4)
  A salamander (Snake:4)
  A yak (Lair:2)
  A hippogriff (Lair:2)
  A wraith (D:12)
  4 nagas (Snake:4)
  4 sheep (D:12)
17 creatures vanquished.

Vanquished Creatures (others)
  A human (Snake:3)
  2 slaves (D:6)
  An orc (Orc:2)
  18 fungi
  13 plants
  5 tentacles (Shoals:2)
  23 tentacle segments (Shoals:2)
63 creatures vanquished.

Grand Total: 1371 creatures vanquished

Notes
Turn   | Place    | Note
--------------------------------------------------------------
     0 | D:1      | nikopol the Minotaur Berserker began the quest for the Orb.
     0 | D:1      | Reached XP level 1. HP: 19/19 MP: 0/0
    67 | D:1      | Reached XP level 2. HP: 27/27 MP: 1/1
   231 | D:1      | Reached ** piety under Trog
   439 | D:1      | Reached skill level 4 in Polearms
   499 | D:1      | Reached XP level 3. HP: 33/33 MP: 2/2
   814 | D:2      | Found a sacrificial altar of Ru.
   869 | D:2      | Found a basalt altar of Yredelemnul.
   872 | D:2      | Found a shattered altar of Ashenzari.
   875 | D:2      | Found a blossoming altar of Fedhas.
   890 | D:2      | Found an iron altar of Okawaru.
  1050 | D:2      | Reached *** piety under Trog
  1050 | D:2      | Reached XP level 4. HP: 39/40 MP: 3/3
  1545 | D:3      | Found an oddly glowing altar of Pakellas.
  1586 | D:3      | Noticed Terence
  1589 | D:3      | Killed Terence
  1648 | D:3      | Reached XP level 5. HP: 47/47 MP: 4/4
  1654 | D:3      | Reached skill level 5 in Polearms
  1691 | D:3      | Received a gift from Trog
  1924 | D:3      | Noticed Ijyb
  1931 | D:3      | Reached skill level 5 in Fighting
  1935 | D:3      | Killed Ijyb
  1945 | D:3      | Found a snail-covered altar of Cheibriados.
  1952 | D:3      | Noticed Grinder
  1956 | D:3      | Paralysed by Grinder for 6 turns
  1968 | D:3      | Killed Grinder
  1968 | D:3      | Reached skill level 6 in Polearms
  1968 | D:3      | Reached XP level 6. HP: 18/56 MP: 5/5
  2228 | D:3      | Noticed Jessica
  2231 | D:3      | Killed Jessica
  2498 | D:4      | Reached XP level 7. HP: 49/61 MP: 6/6
  2588 | D:4      | Found Fyturo's Gadget Boutique.
  2620 | D:4      | Reached **** piety under Trog
  2804 | D:4      | Found a burning altar of Makhleb.
  2804 | D:4      | Found a shimmering altar of Xom.
  2966 | D:4      | Reached skill level 7 in Polearms
  3118 | D:4      | Reached skill level 5 in Armour
  3183 | D:4      | Found a shadowy altar of Dithmenos.
  3428 | D:5      | Entered Level 5 of the Dungeon
  3441 | D:5      | Noticed Crazy Yiuf
  3446 | D:5      | Killed Crazy Yiuf
  3791 | D:5      | Reached XP level 8. HP: 70/71 MP: 7/7
  3800 | D:5      | Reached skill level 5 in Dodging
  3821 | D:5      | Found a staircase to the Ecumenical Temple.
  4010 | D:6      | Reached skill level 8 in Polearms
  4222 | D:6      | Noticed Duvessa
  4223 | D:6      | Noticed Dowan
  4229 | D:6      | Killed Duvessa
  4239 | D:6      | Killed Dowan
  4331 | D:6      | Reached skill level 9 in Polearms
  4372 | D:6      | Found Yzynan's Elemental Accessories.
  4490 | D:6      | Found a bloodstained altar of Trog.
  4608 | D:6      | Noticed Pikel
  4635 | D:6      | Killed Pikel
  4635 | D:6      | Reached XP level 9. HP: 41/80 MP: 8/8
  5067 | D:6      | Reached ***** piety under Trog
  5251 | D:6      | Reached skill level 10 in Polearms
  6261 | D:8      | Noticed Grum
  6286 | D:8      | Killed Grum
  6286 | D:8      | Reached skill level 11 in Polearms
  6773 | D:8      | Received a gift from Trog
  6778 | D:8      | Got an encrusted bardiche {god gift}
  6786 | D:8      | Identified the +11 bardiche "Hikaunyi" {drain, rN+ Int+4} (Trog gifted it to you on level 8 of the Dungeon)
  6840 | D:8      | Found a stormy altar of Qazlal.
  6943 | D:8      | Reached XP level 10. HP: 90/90 MP: 9/9
  7452 | D:8      | Found a staircase to the Lair.
  7514 | D:8      | Found a deep blue altar of Sif Muna.
  7592 | Lair:1   | Entered Level 1 of the Lair of Beasts
  7739 | Lair:1   | Noticed a black mamba
  7751 | Lair:1   | Killed a black mamba
  7751 | Lair:1   | Reached skill level 12 in Polearms
  8469 | Lair:1   | Noticed Joseph
  8487 | Lair:1   | Killed Joseph
  8608 | Lair:1   | Reached skill level 10 in Fighting
  8618 | Lair:1   | Reached skill level 13 in Polearms
  8618 | Lair:1   | Reached XP level 11. HP: 99/99 MP: 10/10
  9675 | Lair:1   | Noticed an obsidian statue
  9693 | Lair:1   | Killed an obsidian statue
  9722 | Lair:1   | Got a smoking leather armour
  9744 | Lair:1   | Identified the +1 leather armour of the Forsaken Nights {+Blink Slay+6} (You found it on level 1 of the Lair of Beasts)
 10310 | Lair:2   | Received a gift from Trog
 10679 | Lair:2   | Reached skill level 1 in Bows
 11215 | Lair:2   | Reached skill level 10 in Armour
 11519 | Lair:3   | Found a staircase to the Snake Pit.
 11594 | Lair:3   | Reached skill level 14 in Polearms
 11834 | Lair:3   | Noticed a seven-headed hydra
 11841 | Lair:3   | Killed a seven-headed hydra
 11842 | Lair:3   | Noticed Maud
 11853 | Lair:3   | Killed Maud
 11853 | Lair:3   | Reached XP level 12. HP: 110/110 MP: 11/11
 12344 | Lair:3   | Noticed a death yak
 12345 | Lair:3   | Noticed a death yak
 12348 | Lair:3   | Noticed a death yak
 12350 | Lair:3   | Noticed a death yak
 12352 | Lair:3   | Noticed a death yak
 12357 | Lair:3   | Killed a death yak
 12358 | Lair:3   | Killed a death yak
 12364 | Lair:3   | Killed a death yak
 12364 | Lair:3   | Reached skill level 10 in Dodging
 12366 | Lair:3   | Killed a death yak
 12370 | Lair:3   | Killed a death yak
 12662 | Lair:4   | Received a gift from Trog
 12731 | Lair:4   | Reached skill level 5 in Bows
 12743 | Lair:4   | Reached skill level 15 in Polearms
 13079 | Lair:4   | Noticed a five-headed hydra
 13085 | Lair:4   | Killed a five-headed hydra
 13086 | Lair:4   | Noticed a catoblepas
 13106 | Lair:4   | Killed a catoblepas
 13274 | Lair:4   | Noticed a fire dragon
 13286 | Lair:4   | Killed a fire dragon
 13490 | Lair:4   | Noticed an eight-headed hydra
 13497 | Lair:4   | Killed an eight-headed hydra
 13646 | Lair:4   | Received a gift from Trog
 13939 | Lair:4   | Received a gift from Trog
 13948 | Lair:4   | Got a twisted longbow {god gift}
 13949 | Lair:4   | Identified the +11 longbow of Rolug {freeze, rC+} (Trog gifted it to you on level 4 of the Lair of Beasts)
 14297 | Lair:5   | Reached XP level 13. HP: 105/118 MP: 12/12
 15124 | Lair:5   | Reached skill level 16 in Polearms
 15645 | Lair:5   | Got a pair of shimmering boots
 15656 | Lair:5   | Identified the +3 pair of boots of Apteox {MR- Regen+ Str+3 Dex+2} (You found it on level 5 of the Lair of Beasts)
 16147 | Lair:6   | Found a staircase to the Shoals.
 16228 | Lair:6   | Received a gift from Trog
 16962 | Lair:7   | Received a gift from Trog
 17107 | Lair:7   | Found a staircase to the Slime Pits.
 17623 | Lair:8   | Entered Level 8 of the Lair of Beasts
 17862 | Lair:8   | Reached skill level 17 in Polearms
 17871 | Lair:8   | Noticed Josephine
 17874 | Lair:8   | Killed Josephine
 18027 | Lair:8   | Received a gift from Trog
 18123 | Lair:8   | Reached XP level 14. HP: 127/127 MP: 13/13
 19294 | D:9      | Received a gift from Trog
 19608 | D:9      | Found a radiant altar of Vehumet.
 19933 | D:10     | Entered Level 10 of the Dungeon
 20410 | D:10     | Found a staircase to the Orcish Mines.
 20540 | D:10     | Reached ****** piety under Trog
 20675 | Orc:1    | Entered Level 1 of the Orcish Mines
 20687 | D:10     | Received a gift from Trog
 20870 | Orc:1    | Noticed Nergalle
 20881 | Orc:1    | Killed Nergalle
 21101 | Orc:1    | Noticed Snorg
 21104 | Orc:1    | Noticed a stone giant
 21108 | Orc:1    | Killed Snorg
 21113 | Orc:1    | Killed a stone giant
 21408 | Orc:2    | Entered Level 2 of the Orcish Mines
 21414 | Orc:2    | Noticed Saint Roka
 21503 | Orc:2    | Received a gift from Trog
 21514 | Orc:1    | Reached skill level 18 in Polearms
 21683 | Orc:2    | Noticed Gagarin's ghost (journeyman HOFi)
 21694 | Orc:2    | Killed Gagarin's ghost
 21826 | Orc:2    | Found a staircase to the Elven Halls.
 21949 | Orc:1    | Found a roughly hewn altar of Beogh.
 22046 | Orc:2    | Killed Saint Roka
 22344 | Orc:2    | Noticed an orc warlord
 22362 | Orc:1    | Killed an orc warlord
 22362 | Orc:1    | Reached XP level 15. HP: 66/138 MP: 14/14
 22486 | Orc:1    | Received a gift from Trog
 22741 | Orc:2    | Noticed Azrael
 22747 | Orc:2    | Killed Azrael
 22957 | Orc:2    | Found Viahaclo's Antique Armour Shoppe.
 22957 | Orc:2    | Found Bivoger's Antique Weapon Shoppe.
 22969 | Orc:2    | Found Deymut's General Store.
 22969 | Orc:2    | Found Koroisuett's Book Emporium.
 23074 | Orc:2    | Found Hiunuh's Assorted Antiques.
 23991 | D:11     | Received a gift from Trog
 24512 | D:12     | Received a gift from Trog
 24734 | D:12     | Found a glowing golden altar of the Shining One.
 24762 | D:12     | Received a gift from Trog
 24772 | D:12     | Noticed Maurice
 24782 | D:12     | Killed Maurice
 24787 | D:12     | HP: 2/139 [death knight/enchanted halberd (9)]
 25160 | Orc:2    | Bought a runed chain mail for 139 gold pieces
 25192 | Orc:2    | Bought a manual of Polearms for 1545 gold pieces
 25311 | D:10     | Reached skill level 19 in Polearms
 25598 | D:12     | Found Qamiassaz's Distillery.
 25641 | D:12     | You fall through a shaft for 2 floors!
 25857 | D:14     | Reached skill level 10 in Bows
 27394 | D:13     | Found a gate to the Vaults.
 27453 | D:14     | Received a gift from Trog
 27800 | D:14     | Found a gateway to a bazaar.
 27808 | Bazaar   | Entered a bazaar
 27812 | Bazaar   | Found Qocaesup's Jewellery Boutique.
 27830 | Bazaar   | Found Uwkifyd's Antique Armour Emporium.
 27847 | Bazaar   | Found Ryassyhi's Antique Armour Boutique.
 27864 | Bazaar   | Found Diusimon's Antique Weapon Shoppe.
 27886 | Bazaar   | Bought an uncursed amulet of the gourmand for 330 gold pieces
 27902 | Bazaar   | Bought a runed chain mail for 153 gold pieces
 27964 | D:15     | Entered Level 15 of the Dungeon
 28007 | D:15     | Received a gift from Trog
 28074 | D:15     | Reached skill level 20 in Polearms
 28569 | D:15     | Found an oddly glowing altar of Pakellas.
 28792 | D:15     | Reached XP level 16. HP: 147/147 MP: 15/15
 28909 | D:15     | Found a staircase to the Depths.
 28980 | D:15     | Reached skill level 15 in Fighting
 29425 | Snake:1  | Entered Level 1 of the Snake Pit
 29425 | Snake:1  | Noticed Aizul
 29425 | Snake:1  | Noticed Rupert
 29439 | Lair:3   | Killed Aizul
 29581 | Lair:3   | Killed Rupert
 29644 | Snake:1  | Found Kosowikh's Magic Scroll Boutique.
 29961 | Snake:1  | Received a gift from Trog
 30294 | Snake:2  | Reached skill level 21 in Polearms
 30301 | Snake:2  | Received a gift from Trog
 31364 | Snake:3  | Noticed Kirke
 31370 | Snake:3  | Received a gift from Trog
 31377 | Snake:3  | Killed Kirke
 31496 | Snake:3  | Reached skill level 15 in Armour
 31576 | Snake:3  | Found a shimmering altar of Xom.
 31635 | Snake:3  | Reached skill level 22 in Polearms
 31813 | Snake:3  | Found Uttuti's Armour Shoppe.
 32581 | Snake:3  | Reached XP level 17. HP: 158/158 MP: 16/16
 32669 | Snake:4  | Entered Level 4 of the Snake Pit
 32917 | Snake:4  | Received a gift from Trog
 33204 | Snake:4  | HP: 4/158 [naga sharpshooter/bolt (15)]
 33746 | Snake:4  | Received a gift from Trog
 33899 | Snake:4  | Received a gift from Trog
 34045 | Snake:4  | Reached skill level 23 in Polearms
 34118 | Snake:4  | Received a gift from Trog
 34121 | Snake:4  | Got a translucent short sword {god gift}
 34191 | Snake:4  | Got a serpentine rune of Zot
 34518 | Shoals:1 | Entered Level 1 of the Shoals
 34911 | Shoals:1 | Identified the +3 short sword of Defiance {flame, Str+6} (Trog gifted it to you on level 4 of the Snake Pit)
 35119 | Shoals:2 | You fall through a shaft!
 35227 | Shoals:2 | Noticed Frances
 35298 | Shoals:2 | Killed Frances
 35609 | Shoals:2 | Noticed Jorgrun
 35620 | Shoals:2 | Killed Jorgrun
 35695 | Shoals:2 | Received a gift from Trog
 35743 | Shoals:2 | Noticed a kraken
 35757 | Shoals:2 | Killed a kraken
 35757 | Shoals:2 | Reached XP level 18. HP: 168/168 MP: 17/17
 35776 | Shoals:2 | Noticed Donald
 35787 | Shoals:2 | Killed Donald
 36583 | Shoals:4 | Entered Level 4 of the Shoals
 36615 | Shoals:4 | Received a gift from Trog
 36631 | Shoals:4 | Got an ichor-stained rapier
 36632 | Shoals:4 | Identified the cursed +2 rapier of the Little People {pierce, rElec Dex+3} (You found it on level 4 of the Shoals)
 36700 | Shoals:4 | Noticed Ilsuiw
 36823 | Shoals:3 | Reached skill level 15 in Dodging
 36910 | Shoals:4 | HP: 7/168 [something (3)]
 36917 | Shoals:4 | Slain by a merfolk aquamancer

Skill      XL: |  1  2  3  4  5  6  7  8  9 10 11 12 13 14 15 16 17 18 |
---------------+-------------------------------------------------------+-----
Fighting       | 4 5 6 7 8 10 11 12 14 15 16 | 16.9
Polearms       | 4 6 7 9 11 13 14 15 17 18 20 22 23 | 23.4
Dodging        | 3 4 6 7 8 9 10 11 12 13 14 15 | 15.0
Armour         | 3 4 5 6 7 9 10 11 12 13 14 15 16 | 16.1
Bows           | 4 6 7 9 10 11 13 | 13.1

Action                   |  1- 3 |  4- 6 |  7- 9 | 10-12 | 13-15 | 16-18 || total
-------------------------+-------+-------+-------+-------+-------+-------++-------
Melee: Spear             |   113 |   131 |   517 |   358 |   151 |       ||  1270
       Headbutt          |    10 |    10 |    91 |    93 |   116 |    75 ||   395
       Bardiche          |       |       |       |    41 |   449 |   433 ||   923
 Fire: Shortbow          |       |       |       |   204 |    72 |       ||   276
       Longbow           |       |       |       |    18 |   651 |   457 ||  1126
Invok: Berserk           |       |     2 |     6 |     8 |     5 |     5 ||    26
       Burn Spellbooks   |       |       |     2 |     3 |     2 |     2 ||     9
       Brothers in Arms  |       |       |       |     2 |     1 |     2 ||     5
       Trog's Hand       |       |       |       |       |     1 |     1 ||     2
 Abil: Evoke Blink       |       |       |       |       |     1 |       ||     1
Evoke: Wand              |       |       |       |       |       |     3 ||     3
  Use: Scroll            |       |       |     8 |    12 |    18 |    14 ||    52
       Potion            |       |       |       |     3 |       |     3 ||     6
 Stab: Distracted        |       |       |       |       |     1 |       ||     1
  Eat: Chunk             |     1 |     6 |    18 |    28 |    55 |    32 ||   140
       Pizza             |       |       |     1 |       |     1 |       ||     2
       Royal jelly       |       |       |       |     1 |       |       ||     1
       Beef jerky        |       |       |       |     2 |     1 |       ||     3
       Bread ration      |       |       |       |       |     1 |       ||     1
       Fruit             |       |       |       |       |     1 |       ||     1
Armor: Ring mail         |    21 |    41 |   108 |    27 |       |       ||   197
       Leather armour    |       |       |       |    19 |   106 |       ||   125
       Plate armour      |       |       |       |       |    74 |       ||    74
       Chain mail        |       |       |       |       |    43 |   264 ||   307
Dodge: Dodged            |    38 |    52 |   178 |   141 |   518 |   424 ||  1351
